 Dungeon Crawl Stone Soup version 0.30.1-3-gfc49f6343a (webtiles) character file.

Game seed: 209862228984650465

2905 redmage the Zephyrmancer (level 10, -4/103 HPs)
             Began as a Meteoran Earth Elementalist on Aug 9, 2023.
             Was a Follower of Sif Muna.
             Slain by a yak (10 damage)
             ... on level 9 of the Dungeon.
             The game lasted 00:27:18 (1454 turns).

redmage the Zephyrmancer (MeEE)                     Turns: 1454, Time: 00:27:18

Health: -4/103     AC: 25    Str: 11    XL:     10   Next: 26%
Magic:  1/17       EV:  2    Int: 20    God:    Sif Muna [*.....]
Gold:   174        SH:  0    Dex: 15    Spells: 5/17 levels left

rFire   . . .        j - +4 short sword
rCold   . . .        (no shield)
rNeg    + . .        n - melded +2 animal skin
rPois   +            o - melded +1 helmet
rElec   .            (cloak currently unavailable)
rCorr   .            (gloves currently unavailable)
SInv    .            (boots currently unavailable)
Will    +....        (no amulet)
Stlth   +            m - ring of positive energy
HPRegen 0.37/turn    (no ring)
MPRegen 0.15/turn

%: no passive effects
@: tree-form, glowing
A: stationary, stasis, torment immunity, boosted hp, sense surroundings 2,
otherworldly, glowing, explore regen
a: Renounce Religion, Channel Magic


You were on level 9 of the Dungeon.
You worshipped Sif Muna.
Sif Muna was aware of your devotion.
You were a tree.
You visited 2 branches of the dungeon, and saw 10 of its levels.

You collected 174 gold pieces.

Inventory:

Hand Weapons
 j - a +4 short sword (weapon)
Missiles
 e - a throwing net (quivered)
Armour
 n - a +2 animal skin (melded)
 o - a +1 helmet (melded)
 t - an orb of energy
Magical Staves
 r - a staff of air
Jewellery
 h - a ring of fire
 m - a ring of positive energy (left branch)
Wands
 a - a wand of flame (19)
Scrolls
 f - a scroll of fear {unknown}
 g - 2 scrolls of poison {unknown}
 i - 4 scrolls of identify {unknown}
 s - a scroll of amnesia {unknown}
Potions
 b - a potion of magic
 c - a potion of mutation {unknown}
 k - a potion of degeneration {unknown}
 l - 2 potions of berserk rage {unknown}
 p - a potion of ambrosia {unknown}
 q - 2 potions of lignification


   Skills:
 - Level 2.4 Dodging
 - Level 1.4 Stealth
 + Level 4.1 Spellcasting
 - Level 7.0 Conjurations
 * Level 4.6 Transmutations
 - Level 8.1 Air Magic
 + Level 7.5 Earth Magic
 - Level 8.0 Invocations


You had 5 spell levels left.
You knew the following spells:

 Your Spells              Type           Power      Damage    Failure   Level
a - Sandblast             Erth           68%        2d15      1%          1
b - Passwall              Tmut/Erth      23%        N/A       1%          2
c - Stone Arrow           Conj/Erth      66%        3d11      1%          3
d - Plasma Beam           Fire/Air       10%        2x1d23    98%         6

Your spell library contained the following spells:

 Spells                   Type           Power      Damage    Failure   Level
 Foxfire                  Conj/Fire      72%        2x1d7     3%          1
 Vhi's Electric Charge    Tloc/Air       40%        N/A       7%          3
 Petrify                  Tmut/Erth      28%        N/A       11%         4
 Spider Form              Tmut/Pois      13%        N/A       14%         3
 Arcjolt                  Conj/Air       17%        1d27      16%         5
 Lee's Rapid Deconstruct  Erth           17%        3d10*     16%         5
 Blink                    Tloc           8%         N/A       19%         2
 Ensorcelled Hibernation  Hex/Ice        8%         N/A       19%         2
 Leda's Liquefaction      Hex/Erth       9%         N/A       26%         4
 Fireball                 Conj/Fire      9%         3d6       63%         5
 Anguish                  Hex/Necr       2%         N/A       77%         4
 Manifold Assault         Tloc           4%         N/A       77%         4
 Statue Form              Tmut/Erth      18%        N/A       85%         6
 Starburst                Conj/Fire      9%         6d5       99%         6
 Storm Form               Tmut/Air       14%        N/A       100%        7


Dungeon Overview and Level Annotations

Branches:
Dungeon (9/15) Zot: 3964   Temple (1/1) D:4 Zot: 500    Lair (0/5) D:9
    Orc: D:9-12

Altars:
Fedhas
Gozag
Ru
Sif Muna

Annotations:
D:5 Menkaure


Innate Abilities, Weirdness & Mutations

You are a tree.
Your roots penetrate the ground, keeping you stationary.
You cannot be teleported.
You are immune to unholy pain and torment.
Your maximum health is greatly increased.
Your equipment is partially melded.
You passively map the area around you.
You are easily found by Zot.
You glow in the dark.
You regain HP and MP as you explore.


Message History

Unknown command.
Unknown command.
Unknown command.
Unknown command.
Unknown command.
Casting: Sandblast (safe; 1% risk of failure)
Confirm with . or Enter, or press ? or * to list all spells.
Aiming: Sandblast (safe; 1% risk of failure)
Press: ? - help, Shift-Dir - straight line, f/p - yak
Aim: a yak (severely wounded, 90% to hit)
The blast of sand hits the yak!
You kill the yak!
Sif Muna accepts your kill.
Your Spellcasting skill increases to level 4!
Unknown command.
Unknown command.
Casting: Sandblast (safe; 1% risk of failure)
Confirm with . or Enter, or press ? or * to list all spells.
Aiming: Sandblast (safe; 1% risk of failure)
Press: ? - help, Shift-Dir - straight line, f - yak
Aim: a yak (moderately wounded, 90% to hit)
The blast of sand hits the yak!
The yak is heavily wounded.
The yak gores you but does no damage. The yak gores you.
* * * LOW HITPOINT WARNING * * *
Unknown command.
Unknown command.
You hit the yak.
The yak is heavily wounded.
The yak gores you but does no damage.
You hit the yak.
The yak is severely wounded.
The yak gores you.
* * * LOW HITPOINT WARNING * * *
Unknown command.
Unknown command.
You hit the yak.
The yak is severely wounded.
The yak gores you!
You die...

, , , , ,, , ,* ** *
*.YY#* , * *
######...#* , ,
.....Y.$.. *,*
*#....Y....., *
#..........*
#..........
#.###########..........
#....^.♣Y†............
#.############........
,############...#######
*
......................
*
......................
*
......................
......................
,......................
*
......................


You could see a yak.

Vanquished Creatures
  A two-headed ogre (D:8)
  A cyclops (D:9)
  Prince Ribbit (D:8)
  3 yaks (D:9)
  2 water moccasins
  A black bear (D:4)
  2 ice beasts
  2 phantoms
  3 bullfrogs
  A howler monkey (D:5)
  2 orc priests
  2 iguanas (D:5)
  7 orc wizards
  Robin (D:4)
  A gnoll (D:1)
  6 adders
  A shadow imp (D:7)
  2 ufetubi
  17 orcs
  2 ball pythons
  2 bats (D:2)
  4 endoplasms
  9 goblins
  7 hobgoblins
  5 kobolds
  4 quokkas
  3 frilled lizards (D:1)
  2 rats (D:1)
94 creatures vanquished.

Notes
Turn   | Place    | Note
-------+----------+-------------------------------------------
     0 | D:1      | redmage the Meteoran Earth Elementalist began the quest for
                  | the Orb.
     0 | D:1      | Reached XP level 1. HP: 14/14 MP: 5/5
    95 | D:1      | Reached XP level 2. HP: 10/20 MP: 1/6
   141 | D:1      | Reached XP level 3. HP: 17/26 MP: 1/8
   273 | D:2      | Reached skill level 5 in Earth Magic
   302 | D:2      | Reached XP level 4. HP: 33/33 MP: 2/9
   310 | D:2      | Learned a level 2 spell: Passwall
   314 | D:2      | Learned a level 3 spell: Stone Arrow
   372 | D:3      | Found a shimmering blue altar of Sif Muna.
   375 | D:3      | Became a worshipper of Sif Muna the Loreminder
   397 | D:4      | Noticed a black bear
   429 | D:3      | Reached skill level 1 in Conjurations
   455 | D:4      | Found a staircase to the Ecumenical Temple.
   467 | D:5      | Entered Level 5 of the Dungeon
   479 | D:5      | Noticed a two-headed ogre
   479 | D:5      | Noticed Menkaure
   495 | D:5      | Reached XP level 5. HP: 8/38 MP: 4/10
   525 | D:4      | Killed a black bear
   526 | D:4      | Reached XP level 6. HP: 18/45 MP: 1/11
   535 | D:4      | Noticed Robin
   540 | Temple   | Entered the Ecumenical Temple
   643 | D:4      | Killed Robin
   752 | D:5      | Reached skill level 5 in Conjurations
   752 | D:5      | Reached XP level 7. HP: 31/50 MP: 1/12
   784 | D:5      | Reached * piety under Sif Muna
   894 | D:6      | Learned a level 6 spell: Plasma Beam
   916 | D:7      | Reached skill level 1 in Invocations
   916 | D:7      | Reached XP level 8. HP: 57/57 MP: 10/13
  1006 | D:8      | Identified the +5 scale mail of Misanthropy {Rampage
                  | *Corrode Str+4 Dex+3}
  1016 | D:8      | Noticed Prince Ribbit
  1022 | D:8      | Killed Prince Ribbit
  1189 | D:7      | Gained mutation: You passively map the area around you.
                  | [Meteoran growth]
  1189 | D:7      | Reached XP level 9. HP: 59/62 MP: 1/15
  1229 | D:9      | Noticed a cyclops
  1241 | D:8      | Noticed a two-headed ogre
  1246 | D:8      | Killed a two-headed ogre
  1287 | D:9      | Killed a cyclops
  1322 | D:9      | Identified a scroll of acquirement
  1322 | D:9      | Acquired a book of the Earth
  1330 | D:9      | Reached XP level 10. HP: 55/69 MP: 7/17
  1338 | D:9      | Noticed a manticore
  1454 | D:9      | Slain by a yak

Illustrated notes

Levels and vault maps discovered:
D:1:      nagdon_arrival_zigzag_paths, layout_basic,
          amcnicky_mini_rare_corridor_liquid
D:2:      layout_loops_ring, minmay_cut_off
D:3:      layout_rooms, lemuel_blue_sif_altar, cheibrodos_sewer_entry_sluice,
          hellmonk_ecumenical_altar_pennies_from_heaven, grunt_decor_clamped,
          serial_bayou_pond_e, uniq_jessica, uniq_grinder
D:4:      layout_basic, minmay_temple_entry_large_hall, uniq_robin
D:5:      layout_basic, columned_hall_lemuel, uniq_menkaure
D:6:      layout_cave_pools, marbit_many_paths
D:7:      layout_gridville
D:8:      layout_cave_pools, uniq_prince_ribbit1
D:9:      layout_long_grid, hellmonk_lair_entry_icy, minmay_crystal_water
Temple:   bh_familiar_temple

Skill      XL: |  1  2  3  4  5  6  7  8  9 10 |
---------------+-------------------------------+-----
Earth Magic    | 4 5 6 7 |  7.5
Spellcasting   | 3 4 |  4.1
Conjurations   | 2 3 5 7 |  7.0
Invocations    | 1 7 8 |  8.0
Air Magic      | 8 |  8.1
Transmutations | 2 4 |  4.6
Dodging        | |  2.4
Stealth        | |  1.4

Action                     |  1- 3 |  4- 6 |  7- 9 | 10-12 || total
---------------------------+-------+-------+-------+-------++-------
  Melee: Short sword       |       |     8 |     6 |     4 ||    18
  Throw: Throwing net      |       |     1 |       |       ||     1
   Cast: Sandblast         |    33 |    39 |    46 |    25 ||   143
         Stone Arrow       |       |    12 |    21 |     3 ||    36
         Passwall          |       |       |     3 |       ||     3
  Evoke: Wand              |       |       |     1 |       ||     1
    Use: Scroll            |       |       |     3 |       ||     3
         Potion            |       |       |       |     1 ||     1
 Armour: Robe              |     6 |    10 |       |       ||    16
         Animal skin       |       |       |    21 |     9 ||    30
         Skin              |       |       |       |     6 ||     6
  Dodge: Dodged            |    12 |    43 |    27 |     6 ||    88
